 Dungeon Crawl Stone Soup version 0.29-a0-352-g0917bc69df (webtiles) character file.

Game seed: 7750328610983755730

286 bande the Covered (level 6, -3/38 HPs)
             Began as a Gargoyle Fighter on Apr 25, 2022.
             Slain by Duvessa
             ... wielding a +2 short sword of speed
              (11 damage)
             ... on level 4 of the Dungeon.
             The game lasted 00:04:52 (2752 turns).

bande the Covered (Gargoyle Fighter)                Turns: 2752, Time: 00:04:53

Health: -3/38      AC: 16    Str: 25    XL:     6   Next: 30%
Magic:  6/6        EV:  6    Int:  9    God:
Gold:   67         SH:  5    Dex: 17    Spells: 5/5 levels left

rFire   . . .      SeeInvis .   k - +2 hand axe (vorpal)
rCold   . . .      Faith    .   c - +0 buckler
rNeg    + . .      Spirit   .   m - +0 plate armour
rPois   ∞          Reflect  .   (no helmet)
rElec   +          Harm     .   (no cloak)
rCorr   .          Rampage  .   (no gloves)
Will    .....                   (no boots)
Stlth   ..........              p - amulet of regeneration
HPRegen 0.92/turn               j - +6 ring of dexterity
MPRegen 0.10/turn               o - +6 ring of strength

@: no status effects
A: sickness immunity, AC +4, negative energy resistance 1, electricity
resistance, torment resistance 1, petrification resistance
a: no special abilities


You were on level 4 of the Dungeon.
You visited 1 branch of the dungeon, and saw 4 of its levels.

You collected 67 gold pieces.

Inventory:

Hand Weapons
 a - a +1 war axe
 k - a +2 vorpal hand axe (weapon)
 n - a +0 flail
Armour
 c - a +0 buckler (worn)
 m - a +0 plate armour (worn)
Jewellery
 g - an amulet of guardian spirit
 j - a +6 ring of dexterity (left hand)
 o - a +6 ring of strength (right hand)
 p - an amulet of regeneration (around neck)
Scrolls
 h - a scroll of teleportation
Potions
 b - a potion of lignification {unknown}
 d - a potion of might
 e - 3 potions of curing {unknown}
 f - a potion of berserk rage {unknown}
 i - a potion of brilliance {unknown}
 l - 2 potions of attraction {unknown}
 q - a potion of mutation {unknown}


   Skills:
 + Level 4.0 Fighting
 + Level 4.1 Axes
 + Level 4.7 Armour
 + Level 4.2 Shields


You had 5 spell levels left.
You didn't know any spells.
Your spell library contained the following spells:

 Spells                   Type           Power      Damage    Failure   Level
 Inner Flame              Hex/Fire       0%         N/A       100%        3
 Portal Projectile        Hex/Tloc       0%         N/A       100%        3
 Cause Fear               Hex            0%         N/A       100%        4
 Blade Hands              Tmut           0%         N/A       100%        5
 Excruciating Wounds      Necr           0%         N/A       100%        5
 Discord                  Hex            0%         N/A       100%        8


Dungeon Overview and Level Annotations

Branches:
Dungeon (4/15)
 Temple: D:4-7

Altars:

Annotations:
D:4 Duvessa


Innate Abilities, Weirdness & Mutations

You are immune to sickness and miasma.
Your stone body is resilient. (AC +4)
You are immune to poison.
You resist negative energy. (rN+)
You are resistant to electric shocks. (rElec)
You are resistant to unholy torment.
You are immune to petrification.


Message History

Duvessa is moderately wounded.
You barely miss Dowan.
Duvessa hits you with a +2 short sword of speed.
You block Dowan's attack.
Unknown command.
You closely miss Duvessa.
Duvessa is moderately wounded.
You hit Dowan. Duvessa completely misses you. You block Dowan's attack.
Duvessa completely misses you.
Unknown command.
You hit Duvessa.
Duvessa is moderately wounded.
You miss Dowan.
Duvessa hits you with a +2 short sword of speed.
Dowan hits you with a +0 dagger.
Duvessa hits you with a +2 short sword of speed.
You hit Duvessa but do no damage.
Duvessa is moderately wounded.
You closely miss Dowan. You block Dowan's attack.
Duvessa hits you but does no damage.
Unknown command.
Unknown command.
You slash Dowan!
You kill Dowan!
Duvessa screams, "No!
How DARE you!"
Duvessa goes berserk!
You hit Duvessa but do no damage.
Duvessa hits you with a +2 short sword of speed.
Duvessa hits you with a +2 short sword of speed!
Duvessa hits you with a +2 short sword of speed.
You barely miss Duvessa.
Duvessa is moderately wounded.
Duvessa hits you with a +2 short sword of speed.
Duvessa hits you but does no damage.
Duvessa hits you with a +2 short sword of speed.
* * * LOW HITPOINT WARNING * * *
Unknown command.
You barely miss Duvessa.
Duvessa is moderately wounded.
Duvessa hits you with a +2 short sword of speed!
You die...

#.....)##...........
#.##...#...........>
#......##..........##
.......#..##...#.### .
##.##..##.##...#####..
#.. ##..#...#....>...#
.. .......#...$....#
.<...............
.......@.#....#.
.......e)$..###
...........##
........#..#
....#.###.... ....##
..... ... ....#. ..
.#.##


You could see Duvessa (berserk).

Vanquished Creatures
  A necrophage (D:3)
  Dowan (D:4)
  An orc priest (D:3)
  2 orc wizards
  3 gnolls (D:4)
  3 adders (D:3)
  3 dart slugs
  An orc (D:3)
  3 bats
  6 endoplasms
  A giant cockroach (D:1)
  3 goblins
  2 hobgoblins (D:1)
  4 kobolds
  4 quokkas
  4 ball pythons
  2 frilled lizards
  A rat (D:3)
45 creatures vanquished.

Vanquished Creatures (others)
  An orc wizard (D:3)
1 creature vanquished.

Grand Total: 46 creatures vanquished

Notes
Turn   | Place    | Note
-------+----------+-------------------------------------------
     0 | D:1      | bande the Gargoyle Fighter began the quest for the Orb.
     0 | D:1      | Reached XP level 1. HP: 14/14 MP: 1/1
   228 | D:1      | Reached XP level 2. HP: 14/19 MP: 2/2
   631 | D:1      | Reached XP level 3. HP: 19/23 MP: 3/3
  1795 | D:3      | Reached XP level 4. HP: 21/28 MP: 1/4
  1991 | D:3      | Reached XP level 5. HP: 26/33 MP: 3/5
  2722 | D:4      | Reached XP level 6. HP: 34/38 MP: 6/6
  2738 | D:4      | Noticed Dowan
  2739 | D:4      | Noticed Duvessa
  2750 | D:4      | Killed Dowan
  2752 | D:4      | Slain by Duvessa

Illustrated notes

Levels and vault maps discovered:
D:1:      eino_arrival_water_star, layout_rooms
D:2:      layout_basic
D:3:      layout_basic, chequers_serial_rivers_room_a, minivault_24
D:4:      layout_cave_pools, gammafunk_ghost_grave, enter_ossuary_5,
          uniq_duvessa

Skill      XL: |  1  2  3  4  5  6 |
---------------+-------------------+-----
Axes           | 2 3 4 |  4.1
Shields        | 4 |  4.2
Armour         | 4 |  4.7
Fighting       | 4 |  4.0

Action                   |  1- 3 |  4- 6 || total
-------------------------+-------+-------++-------
Melee: War axe           |    79 |    19 ||    98
       Hand axe          |       |    53 ||    53
  Use: Scroll            |     3 |     2 ||     5
Armor: Scale mail        |    38 |    23 ||    61
       Plate armour      |       |    32 ||    32
Dodge: Dodged            |    44 |    22 ||    66
Block: Buckler           |    20 |    16 ||    36

Table legend: (Time is in decaauts)
 A = Elapsed time spent in this place.
 B = Non-inter-level travel time spent in this place.
 C = Inter-level travel time spent in this place.
 D = Time resting spent in this place.
 E = Time spent auto-exploring this place.
 F = Levels seen in this place.
 G = Mean time per level.
                   A        B        C        D        E       F      G
               +--------+--------+--------+--------+--------+-----+--------+
         Total |   2806 |   2739 |     67 |    439 |   1769 |   4 |  701.5 |
       Dungeon |   2806 |   2739 |     67 |    439 |   1769 |   4 |  701.5 |
               +--------+--------+--------+--------+--------+-----+--------+

Top non-repeatable levels by time:
     D:2: 1173 daAuts
     D:1: 806 daAuts
     D:3: 769 daAuts
     D:4: 57 daAuts
